Map: Eternal Empire LE

Players

FeEbLeNFraiL

  • Race: Protoss Protoss
  • League: Master
  • Spawn Location: 1:00

Cham - Winner!

  • Race: Zerg Zerg
  • League: Grandmaster
  • Spawn Location: 7:00

VOD

Have the link to the VOD?

Description

Time

  • Played on: Sept. 10, 2020, 7:46 p.m.
  • Length: 13:44
Show
View Real Time Build Order
Export as new Build Order

FeEbLeNFraiL Protoss 

Build Orders: Oracle Opening, Phoenix Opening, Carriers 

Get SALT Encoding   

  12  0:00  Probe  
  13  0:12  Probe (Chrono Boost)  
  14  0:18  Pylon  
  14  0:24  Probe (Chrono Boost)  
  15  0:34  Probe (Chrono Boost)  
  16  0:44  Probe  
  17  1:06  Nexus  
  17  1:12  Gateway  
  17  1:15  Probe (Chrono Boost)  
  18  1:24  Assimilator  
  18  1:27  Probe (Chrono Boost)  
  18  1:30  Assimilator  
  19  1:36  Probe (Chrono Boost)  
  20  1:42  Probe, Pylon  
  21  1:54  Gateway  
  21  2:04  Cybernetics Core  
  21  2:08  Probe (Chrono Boost)  
  22  2:17  Probe (Chrono Boost)  
  22  2:18  Zealot  
  25  2:32  Probe x2  
  27  2:40  Stargate  
  27  2:44  Probe  
  27  2:45  Probe  
  31  2:53  Adept (Chrono Boost)  
  31  2:56  Adept (Chrono Boost)  
  33  2:59  Warp Gate  
  33  3:08  Probe x2  
  35  3:15  Pylon  
  35  3:24  Phoenix (Chrono Boost)  
  37  3:27  Probe (Chrono Boost)  
  37  3:29  Probe (Chrono Boost)  
  37  3:30  Assimilator  
  37  3:33  Assimilator  
  39  3:39  Probe (Chrono Boost)  
  39  3:40  Oracle (Chrono Boost)  
  41  3:44  Probe (Chrono Boost)  
  41  3:47  Probe (Chrono Boost)  
  45  3:51  Probe  
  42  4:15  Stargate  
  42  4:16  Nexus  
  42  4:19  Pylon  
  42  4:21  Adept (Chrono Boost)  
  46  4:26  Adept (Chrono Boost)  
  46  4:29  Pylon  
  46  4:43  Gateway  
  45  4:50  Pylon  
  45  4:55  Probe x2  
  47  5:02  Fleet Beacon  
  48  5:07  Probe x2  
  48  5:10  Stargate  
  49  5:15  Adept x2  
  49  5:19  Probe x2  
  55  5:31  Probe x2  
  57  5:37  Adept x2  
  57  5:40  Pylon  
  61  5:46  Carrier (Chrono Boost)  
  67  6:02  Carrier (Chrono Boost)  
  67  6:10  Protoss Air Weapons Level 1 (Chrono Boost)  
  73  6:22  Forge  
  73  6:26  Pylon  
  71  6:43  Carrier  
  73  6:48  Mothership (Chrono Boost)  
  67  7:07  Photon Cannon x2  
  67  7:09  Photon Cannon  
  67  7:10  Photon Cannon  
  67  7:13  Shield Battery  
  67  7:14  Shield Battery  
  76  7:16  Shield Battery  
  76  7:18  Probe (Chrono Boost), Twilight Council  
  76  7:21  Shield Battery  
  76  7:24  Probe (Chrono Boost)  
  76  7:26  Carrier  
  77  7:36  Probe  
  84  7:39  Assimilator  
  84  7:42  Assimilator  
  84  7:48  Probe  
  85  8:00  Probe x2  
  85  8:02  Protoss Air Weapons Level 2 (Chrono Boost)  
  87  8:12  Probe  
  88  8:13  Probe  
  88  8:18  Carrier (Chrono Boost)  
  95  8:23  Twilight Council  
  95  8:24  Probe  
  95  8:25  Probe  
  97  8:30  Templar Archives  
  97  9:00  Carrier (Chrono Boost)  
  100  9:03  Pylon  
  100  9:06  Pylon  
  98  9:18  Carrier (Chrono Boost), Zealot  
  106  9:27  Psionic Storm  
  106  9:40  Stargate  
  106  9:42  Pylon  
  106  9:52  Carrier (Chrono Boost)  
  112  10:03  Probe  
  112  10:04  Probe  
  114  10:15  Carrier  
  120  10:45  Carrier  
  124  10:58  Carrier  
  124  11:00  High Templar  
  124  11:06  Pylon  
  124  11:08  Pylon  
  124  11:22  Charge (Chrono Boost)  
  124  11:23  Robotics Facility  
  124  11:24  Carrier  
  130  11:31  Probe x3  
  133  11:33  Zealot x2  
  137  11:44  Gateway  
  137  11:46  Pylon  
  131  11:51  Carrier  
  137  11:55  High Templar  
  137  11:56  High Templar  
  141  12:13  Observer (Chrono Boost)  
  138  12:20  Archon  
  124  12:23  Void Ray x2  
  110  12:31  Zealot  
  110  12:32  Zealot  
  96  12:49  Void Ray  
  84  12:54  Forge  
  76  13:00  Void Ray x2  
  78  13:14  Stalker x2  
Show
View Real Time Build Order
Export as new Build Order

Cham Zerg - Winner!

Build Orders: Hatch First, Roach Hydra 

Get SALT Encoding   

  12  0:00  Drone  
  13  0:08  Drone  
  14  0:17  Overlord  
  15  0:35  Drone x2  
  16  0:47  Hatchery  
  15  0:51  Drone  
  15  0:55  Drone  
  17  0:59  Drone  
  18  1:09  Extractor  
  17  1:13  Spawning Pool  
  17  1:17  Drone  
  17  1:20  Drone  
  18  1:29  Drone  
  19  1:41  Drone  
  20  1:50  Overlord  
  20  2:00  Queen x2  
  24  2:03  Zergling x4  
  26  2:10  Drone  
  26  2:12  Metabolic Boost  
  26  2:13  Drone  
  28  2:21  Drone  
  29  2:24  Drone  
  30  2:34  Hatchery  
  29  2:40  Drone x2  
  31  2:49  Overlord  
  31  2:50  Drone  
  32  2:53  Drone  
  32  2:56  Drone  
  34  3:03  Drone  
  35  3:07  Queen  
  35  3:10  Drone x2  
  35  3:11  Drone x2  
  35  3:12  Drone  
  42  3:14  Drone  
  42  3:16  Drone  
  44  3:20  Overlord  
  44  3:26  Drone, Spore Crawler  
  44  3:38  Overlord  
  43  3:41  Zergling x14  
  43  3:45  Overlord  
  43  3:46  Drone  
  51  3:51  Drone  
  51  3:56  Drone  
  51  4:02  Drone x2  
  54  4:04  Drone  
  54  4:07  Queen  
  54  4:09  Drone  
  57  4:12  Spore Crawler  
  57  4:14  Drone  
  57  4:18  Drone, Spore Crawler  
  57  4:21  Drone x3  
  60  4:30  Drone x3  
  63  4:32  Overlord x2  
  63  4:34  Drone  
  63  4:36  Drone  
  63  4:38  Drone  
  66  4:43  Lair  
  65  4:49  Drone  
  65  4:50  Overlord  
  65  4:54  Drone x7  
  65  4:58  Extractor  
  70  5:01  Extractor  
  70  5:02  Extractor  
  70  5:05  Drone x5  
  70  5:06  Drone  
  74  5:09  Extractor  
  74  5:10  Extractor  
  74  5:12  Roach Warren  
  71  5:16  Drone x2  
  73  5:27  Drone x3  
  73  5:28  Drone  
  77  5:29  Hatchery  
  77  5:33  Evolution Chamber, Drone x6  
  77  5:34  Drone  
  82  5:43  Hydralisk Den, Drone  
  82  5:44  Drone x4  
  86  5:51  Zergling x2  
  86  5:54  Roach  
  89  6:00  Overlord  
  89  6:01  Overlord  
  89  6:02  Evolution Chamber  
  89  6:03  Evolution Chamber  
  87  6:05  Evolution Chamber, Roach x2  
  90  6:14  Overlord x2  
  93  6:20  Glial Reconstitution  
  93  6:22  Roach  
  93  6:23  Roach x5  
  103  6:27  Grooved Spines  
  103  6:28  Roach  
  104  6:33  Zerg Missile Weapons Level 1  
  104  6:34  Overlord x4  
  102  6:41  Drone x3  
  102  6:44  Roach x4  
  108  6:55  Drone x2  
  108  6:59  Drone, Hydralisk x3  
  108  7:00  Lurker Den, Hydralisk x2  
  118  7:01  Infestation Pit  
  118  7:05  Drone x2  
  119  7:11  Overseer  
  119  7:13  Drone x5  
  119  7:14  Drone  
  125  7:16  Unknown  
  125  7:18  Drone  
  125  7:19  Drone x3  
  128  7:23  Overlord  
  128  7:26  Drone x2  
  128  7:28  Drone x2  
  132  7:36  Drone  
  132  7:37  Drone  
  134  7:38  Muscular Augments  
  134  7:39  Hydralisk x2  
  134  7:43  Pneumatized Carapace, Hive  
  138  7:44  Drone  
  138  7:46  Hatchery  
  138  7:51  Hydralisk x4  
  138  7:53  Hydralisk  
  138  7:55  Hydralisk  
  150  8:02  Pathogen Glands  
  150  8:03  Burrow  
  150  8:04  Drone x3  
  150  8:05  Drone  
  154  8:06  Drone x2  
  154  8:09  Drone x2  
  154  8:10  Drone  
  154  8:11  Drone  
  160  8:26  Extractor, Drone  
  160  8:27  Overlord x3  
  160  8:29  Extractor  
  160  8:30  Overseer  
  159  8:36  Zerg Missile Weapons Level 2  
  159  8:38  Overlord x2  
  159  8:45  Overlord x2  
  159  8:46  Hatchery  
  159  8:47  Infestor x5  
  168  8:52  Infestor x2, Hatchery  
  168  8:54  Infestor  
  173  8:58  Infestor, Neural Parasite  
  175  9:04  Spore Crawler  
  175  9:05  Spore Crawler  
  175  9:06  Spore Crawler  
  175  9:07  Spore Crawler  
  168  9:13  Hydralisk x4  
  168  9:14  Hydralisk x2  
  168  9:16  Spore Crawler  
  163  9:24  Spore Crawler  
  163  9:25  Spore Crawler  
  163  9:29  Spore Crawler x2  
  163  9:30  Spore Crawler  
  152  9:33  Drone x3  
  153  9:41  Infestor x9  
  154  9:45  Spire, Drone  
  154  9:46  Drone x10  
  154  9:47  Spire, Drone  
  163  9:53  Hydralisk x3  
  163  9:56  Infestor x7  
  163  9:57  Infestor  
  163  9:59  Viper x2  
  169  10:00  Viper  
  155  10:38  Hydralisk x3  
  155  10:39  Hydralisk x14  
  155  10:42  Overseer  
  170  10:53  Hydralisk x4  
  170  10:56  Hydralisk  
  176  11:01  Hydralisk x3  
  177  11:09  Corruptor  
  177  11:10  Corruptor x2  
  173  11:14  Corruptor x3  
  173  11:17  Corruptor x2  
  173  11:18  Corruptor  
  183  11:29  Corruptor x2  
  183  11:30  Corruptor  
  183  11:31  Zergling x2  
  183  11:32  Zergling x4  
  192  11:33  Corruptor  
  192  11:35  Drone x5  
  192  11:36  Unknown, Zerg Flyer Weapons Level 1  
  196  11:41  Corruptor  
  196  11:45  Unknown  
  197  11:48  Corruptor  
  193  12:02  Corruptor x2  
  190  12:11  Corruptor x5  
  190  12:12  Corruptor  
  190  12:15  Corruptor  
  184  12:19  Corruptor  
  184  12:22  Corruptor  
  176  12:26  Corruptor  
  176  12:28  Zergling x22  
  176  12:29  Zergling x10  
  196  12:33  Zergling x2  
  195  12:39  Zergling x2  
  192  12:44  Zergling x10  
  192  12:48  Zergling x2  
  193  12:51  Zergling x4  
  193  12:56  Zergling x2  
  193  12:57  Spore Crawler  
  193  12:58  Zergling x4  
  194  13:00  Zergling x2  
  194  13:02  Zergling x2  
  194  13:03  Zergling x2  
  197  13:05  Corruptor  
  199  13:13  Zergling x2  
  198  13:24  Zergling x2  
  198  13:25  Zergling x2  
  200  13:41  Hatchery  
  199  13:43  Pylon  
Tags
 
Add a new tag
Caveats
  • Supply blocks, unpowered buildings, or Contaminate may cause inaccurate times.
  • Supply counts are checked every 10 seconds.